AoeStats
← Olivenwald

MegaRandom

507303949Analyzed
3v3 RM · 13d ago on Sep 17, 2026· 85m 53s· 6 players
Game mode
Random Map
Map size
Normal (6 player)
Population
200
Speed
Normal
Resources
Standard
Victory
Conquest
Starting age
Dark Age
Ending age
Imperial Age
RankedLock teamsTeams togetherTeam positionsShared explorationLock speedFull tech treeHidden civsTurbo modeCheats
Victory
Defeat
🇩🇪 Britons · Germany
475
+14
🇩🇪 Sicilians · Germany
464
+14
🇺🇸 Spanish · United States
444
+15
🇨🇱 Persians · Chile
458
-16
🇮🇹 Franks · Italy
427
-14
🇮🇹 Britons · Italy
383
-13
Olivenwald
1:59 Loom
10:30 Feudal Age
12:26 Wheelbarrow
11:37 Horse Collar
11:47 Fishing Lines
14:54 Double-Bit Axe
24:07 Castle Age
25:08 Hand Cart
24:56 Heavy Plow
28:26 Fletching
28:38 Padded Archer Armor
28:39 Scale Mail Armor
28:50 Forging
28:37 Gold Mining
28:38 Stone Mining
34:50 Imperial Age
33:20 Bow Saw
33:54 Gold Shaft Mining
33:27 Arson
33:43 Squires
33:29 Gambesons
33:06 Pikeman
33:10 Man-at-Arms
34:09 Bodkin Arrow
34:30 Leather Archer Armor
37:49 Yeomen
37:31 Warwolf
37:01 Elite Skirmisher
39:20 Capped Ram
39:30 Halberdier
41:59 Caravan
42:35 Coinage
42:16 Guilds
43:12 Chemistry
42:24 Fortified Wall
42:09 Guard Tower
42:43 Ballistics
42:17 Heated Shot
44:38 Gillnets
45:05 Medium Warships
47:59 Long Swordsman
48:19 Elite Longbowman
49:41 Conscription
55:16 Bracer
55:47 Ring Archer Armor
55:33 Chain Mail Armor
58:28 Iron Casting
57:51 Guard Tower
58:10 Siege Engineers
59:43 Heavy Warships
62:35 Two-Handed Swordsman
66:39 Siphons
66:46 Clinker Construction
66:57 Shipwright
66:48 Careening
66:34 Murder Holes
67:15 Keep
66:26 Arrowslits
66:52 Fortified Wall
66:57 Masonry
68:30 Champion
yeray_pacheco
0:34 Loom
12:08 Feudal Age
14:00 Wheelbarrow
13:10 Town Watch
13:17 Double-Bit Axe
21:52 Castle Age
20:40 Horse Collar
20:55 Stone Mining
20:59 Gold Mining
21:37 Scale Mail Armor
21:52 Forging
22:46 Husbandry
25:09 Fervor
25:26 Fletching
25:59 Bow Saw
26:20 Heavy Plow
25:45 Pikeman
26:25 Squires
33:12 Imperial Age
31:05 Ballistics
31:19 Murder Holes
32:07 Fishing Lines
32:56 Fortified Wall
33:03 Scale Barding Armor
33:02 Bodkin Arrow
33:08 Scale Mail Armor
35:17 Conscription
41:40 Chain Barding Armor
42:26 Chemistry
42:57 Block Printing
43:10 Illumination
43:23 Theocracy
45:09 Two-Man Saw
44:53 Hoardings
44:48 Hand Cart
45:32 Plate Barding Armor
45:14 Chain Mail Armor
45:39 Iron Casting
45:05 Bracer
45:56 Stone Shaft Mining
47:09 Elite Conquistador
49:12 Inquisition
49:55 Bloodlines
52:46 Halberdier
54:43 Bombard Tower
54:10 Arrowslits
54:18 Guard Tower
56:31 Supremacy
67:03 Arson
67:03 Gambesons
72:26 Plate Mail Armor
72:57 Blast Furnace
80:24 Man-at-Arms
83:24 Elite Cannon Galleon
amk1285
7:42 Loom
12:42 Feudal Age
13:06 Horse Collar
13:14 Double-Bit Axe
14:33 Wheelbarrow
23:39 Castle Age
34:35 Hand Cart
38:22 Heavy Plow
38:36 Bow Saw
38:28 Gold Mining
38:29 Stone Mining
39:01 Husbandry
38:58 Crossbowman
40:35 Town Watch
mrmarcozope
10:00 Loom
11:46 Feudal Age
13:26 Double-Bit Axe
13:38 Gold Mining
22:50 Wheelbarrow
22:18 Stone Mining
27:12 Castle Age
29:30 Gold Shaft Mining
31:41 Forging
31:37 Scale Barding Armor
32:15 Bow Saw
35:07 Hand Cart
36:59 Iron Casting
36:45 Chain Barding Armor
40:01 Imperial Age
39:55 Man-at-Arms
40:40 Cavalier
40:46 Onager
45:12 Plate Barding Armor
45:38 Blast Furnace
45:48 Husbandry
47:07 Capped Ram
48:32 Paladin
51:45 Light Cavalry
52:39 Scale Mail Armor
55:06 Chain Mail Armor
55:57 Chemistry
55:19 Ballistics
64:20 Padded Archer Armor
70:41 #83
73:25 #83
Khonnor4173
1:22 Loom
14:46 Feudal Age
15:39 Horse Collar
15:47 Double-Bit Axe
17:59 Wheelbarrow
17:10 Town Watch
19:18 Gold Mining
19:19 Stone Mining
21:08 Fishing Lines
24:42 Castle Age
25:32 Heavy Plow
25:45 Bow Saw
26:15 Gold Shaft Mining
25:49 Gillnets
29:46 Fletching
29:57 Padded Archer Armor
30:30 Medium Warships
31:14 Hand Cart
31:07 Arson
31:23 Squires
30:44 Pikeman
31:40 Fortified Wall
31:27 Murder Holes
32:50 Ballistics
32:35 Caravan
36:00 Coinage
39:19 Imperial Age
39:14 Yeomen
39:51 Bodkin Arrow
40:12 Leather Archer Armor
41:41 Two-Man Saw
41:47 Chemistry
42:00 Conscription
44:19 Elite Longbowman
46:14 Bracer
46:45 Ring Archer Armor
47:49 Warwolf
59:47 Heavy Warships
72:13 Halberdier
73:06 Forging
72:57 Scale Mail Armor
73:04 Scale Barding Armor
73:04 Husbandry
72:25 Cavalier
ErmoAlan
11:43 Feudal Age
12:48 Double-Bit Axe
15:30 Horse Collar
20:03 Gold Mining
20:22 Man-at-Arms
20:59 Stone Mining
22:27 Forging
22:30 Bloodlines
25:34 Castle Age
24:28 Arson
26:46 Stone Shaft Mining
26:49 Gold Shaft Mining
26:27 Bow Saw
27:28 Husbandry
26:49 Light Cavalry
28:30 Loom
29:39 Heavy Plow
31:13 Wheelbarrow
32:00 Hand Cart
32:09 Hand Cart
35:37 Coinage
35:08 Caravan
38:23 Imperial Age
36:07 Padded Archer Armor
36:14 Scale Barding Armor
36:09 Scale Mail Armor
36:00 Fletching
38:29 Cavalier
40:03 Elite War Elephant
44:28 Guilds
45:31 Banking
46:40 Savar
48:46 Two-Man Saw
48:33 Squires
48:47 Kamandaran
48:46 Hussar
50:32 Bodkin Arrow
54:15 Thumb Ring
53:30 Crossbowman
58:29 Iron Casting
Connection lost

Rejoining the realm…

Still unreachable

The connection could not be restored.

Session expired

The server has moved on; the page needs a fresh start.